 Dungeon Crawl Stone Soup version 0.25.1-2-g60ff931df9 (webtiles) character file.

Game seed: 13187413947143983558

85264 Johnny the Earth Mage (level 14, -13/93 HPs)
             Began as a Demigod Earth Elementalist on Oct 27, 2020.
             Engulfed by a cloud of freezing vapour (24 damage)
             ... in an ice cave.
             The game lasted 00:33:34 (24933 turns).

Johnny the Earth Mage (Demigod Earth Elementalist) Turns: 24933, Time: 00:33:34

Health: -13/93     AC: 11    Str: 11    XL:     14   Next: 98%
Magic:  46/46      EV: 16    Int: 38    God:
Gold:   1058       SH:  8    Dex: 19    Spells: 20/39 levels left

rFire    . . .     SeeInvis .   c - +3 dagger (venom)
rCold    . . .     Gourm    .   F - +2 buckler {rPois}
rNeg     . . .     Faith    .   Z - +1 troll leather armour
rPois    +         Spirit   .   r - +3 hat of Pondering {ponderous, MR+ MP+10 Int+5}
rElec    .         Reflect  .   w - scarf {repulsion}
rCorr    .         Harm     .   v - +1 pair of gloves {Dex+3}
MR       ++...                  u - +0 pair of boots
Stlth    ++........             m - amulet of regeneration
HPRegen  1.05/turn              y - +6 ring of intelligence
MPRegen  0.30/turn              K - +4 ring of evasion

@: repel missiles, slow
A: high mp 1
a: no special abilities


You were in an ice cave.
You were not hungry.

You visited 3 branches of the dungeon, and saw 19 of its levels.
You also visited: Ice Cave.

You collected 1512 gold pieces.
You spent 454 gold pieces at shops.

Inventory:

Hand Weapons
 c - a +3 dagger of venom (weapon)
Missiles
 b - 260 stones (quivered)
Armour
 a - a +2 buckler of fire resistance
 r - the +3 hat of Pondering (worn) {ponderous, MR+ MP+10 Int+5}
   (You took it off Gastronok on level 8 of the Dungeon)

   It affects your intelligence (+5).
   It affects your resistance to hostile enchantments.
   It affects your magic capacity (+10).
 u - a +0 pair of boots (worn)
 v - a +1 pair of gloves of dexterity (worn)
 w - a scarf of repulsion (worn)
 F - a +2 buckler of poison resistance (worn)
 Z - a +1 troll leather armour (worn)
Jewellery
 m - an amulet of regeneration (around neck)
 y - a +6 ring of intelligence (left hand)
 H - an uncursed ring of protection from fire
 I - a +6 ring of dexterity {unknown}
 K - a +4 ring of evasion (right hand)
 P - a +4 ring of protection
 Q - an uncursed ring of protection from magic
Wands
 C - a wand of iceblast (1)
 N - a wand of disintegration (17)
 V - a wand of digging (2)
Scrolls
 l - a scroll of enchant armour
 o - a scroll of fear {unknown}
 p - 3 scrolls of remove curse
 s - 10 scrolls of teleportation
 t - a scroll of identify
 A - 5 scrolls of immolation
 D - 4 scrolls of blinking {unknown}
 M - a scroll of holy word
 S - 2 scrolls of random uselessness {unknown}
 X - 3 scrolls of noise {unknown}
Potions
 e - 3 potions of lignification
 f - 2 potions of berserk rage {unknown}
 g - 4 potions of curing
 h - a potion of heal wounds
 i - 4 potions of degeneration
 j - 2 potions of magic {unknown}
 k - a potion of resistance
 n - a potion of haste {unknown}
 q - 4 potions of might
 x - a potion of stabbing {unknown}
 z - 4 potions of brilliance {unknown}
 B - a potion of invisibility
 G - a potion of flight {unknown}
 W - 2 potions of cancellation {unknown}
Miscellaneous
 E - a tin of tremorstones (2/3)
Comestibles
 d - 27 rations


   Skills:
 - Level 1.7 Dodging
 - Level 1.7 Stealth
 + Level 5.9 Shields
 + Level 13.1 Spellcasting
 - Level 0.8 Transmutations
 * Level 19.0 Earth Magic


You had 20 spell levels left.
You knew the following spells:

 Your Spells              Type           Power        Failure   Level  Hunger
a - Sandblast             Erth           ######       0%          1    None
b - Stone Arrow           Conj/Erth      ######       1%          3    None
c - Lee's Rapid Deconstr  Erth           ########..   1%          5    None
d - Petrify               Tmut/Erth      #######.     1%          4    None
f - Iron Shot             Conj/Erth      #######...   6%          6    ##.....

Your spell library contained the following spells:

 Spells                   Type           Power        Failure   Level  Hunger
 Animate Skeleton         Necr           N/A          1%          1    None
 Apportation              Tloc           ###...       1%          1    None
 Corona                   Hex            ###....      1%          1    None
 Shock                    Conj/Air       ###.         1%          1    None
 Summon Small Mammal      Summ           ###.         1%          1    None
 Passwall                 Tmut/Erth      #######.     1%          2    None
 Leda's Liquefaction      Hex/Erth       #######...   1%          4    None
 Swiftness                Chrm/Air       ###.....     3%          2    None
 Bolt of Magma            Conj/Fire/Erth ######....   4%          5    None
 Statue Form              Tmut/Erth      #######..    4%          6    ##.....
 Static Discharge         Conj/Air       ###.....     6%          3    None
 Airstrike                Air            ###.......   19%         4    None
 Lightning Bolt           Conj/Air       ###.......   47%         5    None
 Shatter                  Erth           ########..   63%         9    #######


Dungeon Overview and Level Annotations

Branches:
Dungeon (15/15)            Temple (0/1) D:5            Lair (2/6) D:9
    Orc (2/2) D:9             Elf (0/3) Orc:2        Vaults (0/5) D:13
 Depths (0/5) D:15          IceCv (1/1)
  Swamp: Lair:2-4    Shoals: Lair:2-4     Snake: Lair:2-4    Spider: Lair:2-4

Shops:
D:13 (   Orc:1 :   Orc:2 :%[:


Innate Abilities, Weirdness & Mutations

You have an increased reservoir of magic. (+10% MP)


Message History

a polar bear skeleton; a yak skeleton; a polar bear skeleton; a yak skeleton x2
You see here a yak skeleton.
All of the chunks of flesh in your inventory have rotted away.
You are engulfed in freezing vapours.
You're standing in a cloud of freezing vapour!
You're standing in a cloud of freezing vapour!
You're standing in a cloud of freezing vapour!
You are engulfed in freezing vapours.
Unknown command.
You start resting.
You are engulfed in freezing vapours.
You start resting.
You are engulfed in freezing vapours.
You feel much better.
You are engulfed in freezing vapours.
Unknown command.
You are engulfed in freezing vapours.
You enter the shallow water.
Moving in this stuff is going to be slow.
You are engulfed in freezing vapours.
* * * LOW HITPOINT WARNING * * *
You are engulfed in freezing vapours.
You die...

######## ########
###......## ##☼○....##
#.÷##.....####..###..°##
÷######....#...###≈.⌠≈.#
÷≈# ####...### ##≈.°##
≈≈≈≈≈# ###### #..###
≈≈≈≈## ☼○####○☼# ≈≈≈≈≈≈≈
#○#○☼### ≈≈≈≈≈#Y# #@###
≈≈≈≈## . ### ≈≈### ≈≈#


There were no monsters in sight!

Vanquished Creatures
  Kirke (D:15)
  Gastronok (D:8)
  Roxanne (D:14)
  An orc warlord (Orc:2)
  A fire giant (D:15)
  Louise (D:15)
  The ghost of Geyn the Blocker, an adept GnFi of Xom (D:15)
  Azrael (D:15)
  Snorg (D:11)
  An ettin (D:15)
  Josephine (D:10)
  A yaktaur captain (D:15)
  A vault guard (D:13)
  4 hydras
  Fannar (D:10)
  6 centaur warriors
  Erica (Lair:1)
  10 two-headed ogres
  A death knight (D:15)
  4 orc high priests (Orc:2)
  A death yak (IceCv)
  Urug (D:10)
  Sonja (D:12)
  Nergalle (D:12)
  2 unseen horrors (D:15)
  6 orc knights
  A wolf spider zombie (D:12)
  2 deep elf magi
  4 orc sorcerers (Orc:2)
  6 cyclopes
  6 ugly things
  A manticore (D:13)
  An elephant (Lair:2)
  Maurice (D:8)
  A black mamba (Lair:1)
  5 centaur zombies
  An ice statue (IceCv)
  3 spiny frogs (Lair:1)
  2 rime drakes (Lair:2)
  A gargoyle (D:10)
  A freezing wraith (D:15)
  2 kobold demonologists
  A yaktaur (D:15)
  7 trolls
  14 polar bears (IceCv)
  A hornet (D:12)
  10 hippogriffs
  A spriggan (D:7)
  3 shadows
  2 vampires
  42 yaks
  5 fire elementals (D:15)
  2 wyverns
  8 humans (D:13)
  5 wraiths
  2 hogs (D:15)
  3 hungry ghosts
  3 basilisks
  6 vampire mosquitoes
  3 wargs
  Duvessa (D:4)
  2 acid dragons
  2 water moccasins (Lair:1)
  3 hell hounds (D:15)
  6 porcupines
  2 hornet zombies
  3 phantoms
  An eye of draining (D:13)
  4 sky beasts
  18 ogres
  A necrophage (D:8)
  44 orc warriors
  12 wolves
  4 ice beasts
  19 centaurs
  22 big kobolds
  3 crocodiles
  A wyvern zombie (D:14)
  10 bullfrogs
  Dowan (D:4)
  4 scorpions
  9 killer bees
  2 electric eels (D:10)
  A howler monkey (D:4)
  A jelly (D:11)
  5 crimson imps
  4 bullfrog zombies
  24 orc priests
  2 bullfrog skeletons
  4 hounds
  12 orc wizards
  6 centaur skeletons
  4 iguanas
  12 worker ants
  A hound zombie (D:6)
  2 hound skeletons
  A howler monkey skeleton (D:4)
  7 adders
  4 shadow imps
  An adder zombie (D:8)
  3 worms
  4 dart slugs
  7 leopard geckos
  101 orcs
  4 giant cockroaches
  6 goblins
  7 hobgoblins
  14 jackals
  5 quokkas
  A ball python (D:2)
  7 bats
  6 frilled lizards
  A jackal skeleton (D:4)
  48 kobolds
  2 quokka zombies
  6 rats
695 creatures vanquished.

Vanquished Creatures (others)
  2 vault guards (D:13)
  A yak (IceCv)
  2 humans
  4 wolves (IceCv)
  9 fungi
18 creatures vanquished.

Grand Total: 713 creatures vanquished

Notes
Turn   | Place    | Note
-------+----------+-------------------------------------------
     0 | D:1      | Johnny the Demigod Earth Elementalist began the quest for
                  | the Orb.
     0 | D:1      | Reached XP level 1. HP: 14/14 MP: 5/5
   343 | D:1      | Reached skill level 3 in Earth Magic
   649 | D:1      | Reached XP level 2. HP: 20/20 MP: 5/7
  1342 | D:2      | Reached XP level 3. HP: 24/26 MP: 5/9
  1482 | D:2      | Found a shimmering altar of Xom.
  2055 | D:3      | Found a shadowy altar of Dithmenos.
  2091 | D:3      | Reached skill level 4 in Earth Magic
  2436 | D:3      | Reached XP level 4. HP: 28/33 MP: 10/10
  2897 | D:4      | Reached XP level 5. HP: 28/38 MP: 1/12
  3218 | D:4      | Reached skill level 5 in Earth Magic
  3268 | D:4      | Learned a level 3 spell: Stone Arrow
  3275 | D:4      | Learned a level 5 spell: Lee's Rapid Deconstruction
  3497 | D:4      | Noticed Duvessa
  3498 | D:4      | Noticed Dowan
  3506 | D:4      | Killed Duvessa
  3506 | D:4      | Reached XP level 6. HP: 28/45 MP: 8/14
  3508 | D:4      | Killed Dowan
  3673 | D:5      | Entered Level 5 of the Dungeon
  3710 | D:5      | Reached skill level 6 in Earth Magic
  3981 | D:5      | Reached XP level 7. HP: 24/50 MP: 14/16
  4160 | D:5      | Found a sacrificial altar of Ru.
  4264 | D:5      | Found a staircase to the Ecumenical Temple.
  4479 | D:6      | Reached skill level 7 in Earth Magic
  4517 | D:6      | Found a burning altar of Makhleb.
  4589 | D:6      | Found a snail-covered altar of Cheibriados.
  4870 | D:6      | Got an ichor-stained quarterstaff
  4871 | D:6      | Identified the +9 quarterstaff "Wourrog" {pain, *Rage +Rage
                  | MR++ Dex+2} (You found it on level 6 of the Dungeon)
  5117 | D:7      | Noticed a hippogriff
  5122 | D:7      | Killed a hippogriff
  5122 | D:7      | Reached skill level 5 in Spellcasting
  5122 | D:7      | Reached XP level 8. HP: 42/57 MP: 15/19
  5194 | D:7      | Reached skill level 8 in Earth Magic
  5252 | D:7      | Found an iron altar of Okawaru.
  5297 | D:7      | Got a smoking helmet
  5303 | D:7      | Identified the +2 helmet of Yxettac {rPois} (You found it
                  | on level 7 of the Dungeon)
  6114 | D:8      | Noticed a hippogriff
  6119 | D:8      | Killed a hippogriff
  6119 | D:8      | Reached skill level 9 in Earth Magic
  6563 | D:8      | Reached XP level 9. HP: 53/62 MP: 19/22
  6671 | D:8      | Noticed Maurice
  6793 | D:8      | Found an ornate altar of the Wu Jian Council.
  6815 | D:8      | Killed Maurice
  6815 | D:8      | Reached skill level 10 in Earth Magic
  7008 | D:8      | Noticed Gastronok
  7024 | D:8      | Killed Gastronok
  7024 | D:8      | Reached skill level 11 in Earth Magic
  7155 | D:8      | Noticed a two-headed ogre
  7161 | D:8      | Killed a two-headed ogre
  7161 | D:8      | Reached XP level 10. HP: 50/69 MP: 19/25
  7393 | D:9      | Found a staircase to the Orcish Mines.
  7714 | D:9      | You fall into a shaft and drop 2 floors!
  7847 | D:11     | Reached skill level 12 in Earth Magic
  7989 | D:11     | Noticed an eight-headed hydra
  7995 | D:11     | Killed an eight-headed hydra
  8396 | D:11     | Noticed a red ugly thing
  8405 | D:11     | Killed a red ugly thing
  8511 | D:11     | Noticed a cyclops
  8520 | D:11     | Learned a level 4 spell: Petrify
  8524 | D:11     | Killed a cyclops
  8524 | D:11     | Reached skill level 13 in Earth Magic
  8746 | D:11     | Reached XP level 11. HP: 67/74 MP: 28/28
  9139 | D:10     | Entered Level 10 of the Dungeon
  9350 | D:10     | Noticed Josephine
  9353 | D:10     | Killed Josephine
  9404 | D:10     | Noticed Snorg
  9578 | D:11     | Killed Snorg
 10007 | D:10     | Reached skill level 14 in Earth Magic
 10261 | D:10     | Noticed Fannar
 10286 | D:10     | Killed Fannar
 10705 | D:10     | Noticed Urug
 10709 | D:10     | Killed Urug
 11294 | D:9      | Found a staircase to the Lair.
 11577 | D:12     | Reached skill level 10 in Spellcasting
 11614 | D:12     | Noticed Nergalle
 11621 | D:12     | Killed Nergalle
 11621 | D:12     | Reached XP level 12. HP: 52/81 MP: 19/30
 11834 | D:12     | Noticed a five-headed hydra
 11839 | D:12     | Killed a five-headed hydra
 11839 | D:12     | Reached skill level 15 in Earth Magic
 11928 | D:12     | Paralysed by a hornet for 2 turns
 12395 | D:12     | Noticed a centaur warrior
 12401 | D:12     | Killed a centaur warrior
 12605 | D:12     | Noticed Sonja
 12613 | D:12     | Killed Sonja
 12733 | D:12     | You fall into a shaft and drop 1 floor!
 12743 | D:13     | Noticed a centaur warrior
 13244 | D:13     | Found Kulier's Antique Weapon Shop.
 13258 | D:13     | Killed a centaur warrior
 13649 | D:13     | Killed a vault guard
 13651 | D:13     | Noticed a vault guard
 13663 | D:13     | Killed a vault guard
 13670 | D:13     | Killed a vault guard
 13670 | D:13     | Reached skill level 16 in Earth Magic
 14000 | D:13     | Found a gate to the Vaults.
 14555 | D:14     | Noticed a centaur warrior
 14559 | D:14     | Killed a centaur warrior
 14957 | D:14     | Reached XP level 13. HP: 86/86 MP: 30/33
 15045 | D:14     | Noticed Roxanne
 15049 | D:14     | Killed Roxanne
 15061 | D:14     | Learned a level 6 spell: Iron Shot
 15478 | D:15     | Entered Level 15 of the Dungeon
 15626 | D:15     | Noticed Louise
 15634 | D:15     | Reached skill level 17 in Earth Magic
 15641 | D:15     | Killed Louise
 16043 | D:15     | Noticed Kirke
 16047 | D:15     | Killed Kirke
 16593 | D:15     | Identified a scroll of acquirement
 16594 | D:15     | Acquired a +2 buckler of fire resistance
 16814 | D:15     | Noticed Azrael
 16818 | D:15     | Killed Azrael
 16909 | D:15     | Reached skill level 1 in Shields
 16976 | D:15     | Identified the +7 great mace of Ciumu {flame, Stlth+}
 16976 | D:15     | Noticed a fire giant
 16976 | D:15     | Noticed Geyn's ghost (adept GnFi)
 17002 | D:15     | Found a transporter.
 17214 | D:15     | Found a staircase to the Depths.
 17252 | D:15     | Found a transporter.
 17399 | D:15     | Killed a fire giant
 17399 | D:15     | Reached XP level 14. HP: 93/93 MP: 24/35
 17573 | D:15     | HP: 4/93 [Geyn's ghost/Freeze (34)]
 17597 | D:15     | Killed Geyn's ghost
 17926 | Orc:1    | Entered Level 1 of the Orcish Mines
 17947 | Orc:1    | Reached skill level 18 in Earth Magic
 18332 | Orc:1    | Found a bloodstained altar of Trog.
 18596 | Orc:2    | Entered Level 2 of the Orcish Mines
 20201 | Orc:2    | Found a staircase to the Elven Halls.
 20481 | Orc:2    | Noticed an orc warlord
 20683 | Orc:2    | Killed an orc warlord
 21124 | Orc:2    | Found Onlaer's Book Shoppe.
 21143 | Orc:2    | Found a roughly hewn altar of Beogh.
 21160 | Orc:2    | Found Tomuapt's Armour Emporium.
 21275 | Orc:2    | Found a roughly hewn altar of Beogh.
 21555 | Orc:2    | Found Doinyubb's Book Emporium.
 21649 | Orc:2    | Found Qaeklow's Food Shoppe.
 22102 | Orc:1    | Found Ucoxt's Book Boutique.
 22199 | Orc:2    | Bought a +1 pair of gloves of dexterity for 214 gold pieces
 22199 | Orc:2    | Bought a +2 buckler of poison resistance for 240 gold
                  | pieces
 22316 | Lair:1   | Entered Level 1 of the Lair of Beasts
 22524 | Lair:1   | Reached skill level 5 in Shields
 22782 | Lair:1   | Noticed Erica
 22787 | Lair:1   | Killed Erica
 23640 | Lair:2   | Found a frozen archway.
 23649 | IceCv    | Entered an ice cave
 24703 | IceCv    | Reached skill level 19 in Earth Magic
 24933 | IceCv    | Engulfed by a cloud of freezing vapour

Illustrated notes

Levels and vault maps discovered:
D:1:      scummos_arrival_star, layout_basic
D:2:      layout_rooms, overflow_temple_1_default, kennysheep_potato
D:3:      layout_loops_ring, nicolae_dithmenos_through_a_glass_darkly,
          nrook_uturn, st_stairs_9, minmay_misc_feat_chi,
          minmay_misc_feat_ornament
D:4:      layout_basic, uniq_duvessa
D:5:      layout_rooms, nicolae_ru_awakened_eye,
          minmay_temple_entry_gardened_gates, first_ration,
          minmay_misc_feat_doors
D:6:      layout_gridville, kennysheep_mini_moat, bloody_makhleb,
          nicolae_underground_beach
D:7:      layout_loops_ring, the_bakery, hangedman_abyss_or_decor_stabs,
          skrybe_limestone_x, okawaru_metal_pillars_3
D:8:      layout_gridville, marbit_many_paths, uniq_maurice, uniq_gastronok
D:9:      layout_long_grid, grunt_lair_entry_orc_guard_hut, orc_0_dummy,
          moated_statue, grunt_ministairs_4
D:10:     layout_roguey [special_room_kobold], kennysheep_generic_room_2,
          uniq_urug, uniq_snorg, uniq_fannar, uniq_josephine
D:11:     layout_roguey
D:12:     layout_irregular_city, uniq_sonja, uniq_nergalle
D:13:     layout_cross, ximxim_vaults_locker_room, serial_shops,
          nicolae_shop_behind_doors
D:14:     layout_rooms, uniq_roxanne
D:15:     grunt_enter_depths_snipers, layout_loops_ring, minmay_misc_feat_tower,
          gammafunk_ghost_smash, serial_park_tiny_pond, uniq_louise,
          uniq_azrael, uniq_kirke
Lair:1:   layout_chaotic_city, infiniplex_staircase_pool_2, grunt_megastairs_3,
          uniq_erica
Lair:2:   mu_elephants_graveyard, layout_regular_city, portal_ice_cave_rime
Orc:1:    layout_caves, basic_altar, serial_shops, shop_statue
Orc:2:    pubby_orc_utopia
IceCv:    ice_cave_caverns_02

Skill      XL: |  1  2  3  4  5  6  7  8  9 10 11 12 13 14 |
---------------+-------------------------------------------+-----
Earth Magic    | 3 4 5 6 7 9 11 13 14 16 17 19 | 19.0
Spellcasting   | 2 3 4 5 6 7 8 10 11 12 13 | 13.1
Shields        | 2 5 |  5.9
Dodging        | |  1.7
Stealth        | |  1.7
Transmutations | |  0.8

Action                   |  1- 3 |  4- 6 |  7- 9 | 10-12 | 13-15 || total
-------------------------+-------+-------+-------+-------+-------++-------
Melee: Unarmed           |    26 |       |       |       |       ||    26
       Mace              |    32 |       |       |       |       ||    32
       Dagger            |    23 |   129 |   150 |   260 |   215 ||   777
       Quarterstaff      |       |       |     5 |       |       ||     5
Throw: Stone             |       |       |       |       |     1 ||     1
 Cast: Sandblast         |    41 |    45 |    50 |   101 |   145 ||   382
       Stone Arrow       |       |       |    21 |   132 |    18 ||   171
       Lee's Rapid Decon |       |       |     6 |    96 |   110 ||   212
       Petrify           |       |       |       |     9 |     1 ||    10
       Iron Shot         |       |       |       |       |   133 ||   133
Evoke: Wand              |       |       |     4 |    47 |    28 ||    79
       Tin of tremorston |       |       |       |       |     3 ||     3
  Use: Scroll            |       |     3 |     4 |     5 |    10 ||    22
       Potion            |       |     1 |       |     1 |     6 ||     8
 Stab: Sleeping          |     6 |     1 |     1 |     2 |     1 ||    11
       Petrified         |       |       |       |     4 |       ||     4
       Distracted        |       |       |       |     1 |       ||     1
  Eat: Chunk             |     5 |     5 |    10 |    25 |    35 ||    80
       Ration            |       |       |     1 |     1 |     2 ||     4
Armor: Robe              |    16 |    42 |    55 |     8 |       ||   121
       Acid dragon scale |       |       |       |   140 |    22 ||   162
       Ring mail         |       |       |       |     3 |       ||     3
       Troll leather arm |       |       |       |       |    93 ||    93
Dodge: Dodged            |    81 |   100 |    96 |   373 |   369 ||  1019
       Repelled          |       |       |     5 |    22 |    16 ||    43
Block: Buckler           |       |       |       |       |   152 ||   152
